 Dungeon Crawl Stone Soup version 0.26.1-11-gd32895ea62 (webtiles) character file.

Game seed: 10501618894043788318

26 Gerhazo the Conjurer (level 2, -3/20 HPs)
             Began as a Draconian Conjurer on June 7, 2021.
             Killed from afar by Ijyb (14 damage)
             ... with an iceblast
             ... on level 3 of the Dungeon.
             The game lasted 00:00:51 (1406 turns).

Gerhazo the Conjurer (Draconian Conjurer)           Turns: 1406, Time: 00:00:52

Health: -3/20      AC:  4    Str:  9    XL:     2   Next: 89%
Magic:  5/5        EV: 12    Int: 18    God:
Gold:   60         SH:  0    Dex:  9    Spells: 2/5 levels left

rFire    . . .     SeeInvis .   b - +0 short sword
rCold    . . .     Faith    .   (no shield)
rNeg     . . .     Spirit   .   (armour unavailable)
rPois    .         Reflect  .   (helmet restricted)
rElec    .         Harm     .   (no cloak)
rCorr    .         Rampage  .   (no gloves)
Will     .....                  (no boots)
Stlth    ++........             (no amulet)
HPRegen  0.06/turn              (no ring)
MPRegen  0.09/turn              (no ring)

@: no status effects
A: unfitting armour, cold-blooded, AC +4
a: no special abilities


You were on level 3 of the Dungeon.
You visited 1 branch of the dungeon, and saw 3 of its levels.

You collected 60 gold pieces.

Inventory:

Hand Weapons
 b - a +0 short sword (weapon)
Wands
 k - a wand of flame (12)
Scrolls
 c - 3 scrolls of remove curse {unknown}
 e - 2 scrolls of fear {unknown}
 f - a scroll of teleportation {unknown}
 g - a scroll of immolation {unknown}
 i - 3 scrolls of identify {unknown}
 l - a scroll of magic mapping {unknown}
Potions
 a - 3 potions of ambrosia {unknown}
 d - a potion of haste {unknown}
 h - a potion of might {unknown}
 j - a potion of attraction {unknown}


   Skills:
 - Level 1.7 Dodging
 - Level 1.7 Stealth
 + Level 2.4 Spellcasting
 * Level 4.6 Conjurations


You had 2 spell levels left.
You knew the following spells:

 Your Spells              Type           Power        Failure   Level
a - Magic Dart            Conj           76%          2%          1
b - Searing Ray           Conj           38%          3%          2

Your spell library contained the following spells:

 Spells                   Type           Power        Failure   Level
 Dazzling Flash           Conj/Hex       20%          21%         3
 Fulminant Prism          Conj/Hex       5%           54%         4
 Iskenderun's Mystic Bla  Conj/Tloc      10%          54%         4


Dungeon Overview and Level Annotations

Branches:
Dungeon (3/15)

Altars:

Annotations:
D:2 Jessica
D:3 Ijyb


Innate Abilities, Weirdness & Mutations

Your plain brown scales are hard. (AC +4)
You cannot fit into any form of body armour.
You are cold-blooded and may be slowed by cold attacks.


Message History

Jessica gestures at you while chanting. You resist with some effort.
Jessica points at you and mumbles some strange words.
You barely resist.
You see here 21 stones.
There is a stone staircase leading down here.
You climb downwards.
You hear the sound of rushing water.
There is an entrance to a sewer on this level.
Hurry and find it before the portal rusts away!
There is a stone staircase leading up here.
You open the door.
There is an open door here.
Ijyb the Twisted Goblin comes into view.
She is carrying a wand of iceblast (11).
Ijyb shouts!
Ijyb zaps a wand.
The mass of ice explodes!
The iceblast engulfs you!
You can't see any susceptible monsters within range! (Use Z to cast anyway.)
You can't see any susceptible monsters within range! (Use Z to cast anyway.) Ijyb zaps a wand.
The mass of ice explodes!
The iceblast engulfs you!
Ouch! That really hurt!
You die...

#.....# #.....#
#.....# #..g..#
#.....# ## #.....# ...
#.. #.....# .... #..
#...@.##.... #..
#........... #.#
####........ #.#
#.......#
#.#########.......#
#.#.......'.......#
####.#.#######.......#
#....#.# #........
#.#<...# #######..


You could see Ijyb.

Vanquished Creatures
  A worm (D:2)
  4 leopard geckos (D:1)
  2 giant cockroaches (D:1)
  2 goblins (D:1)
  2 hobgoblins
  3 bats (D:1)
  4 frilled lizards (D:1)
  A kobold (D:1)
  A rat (D:1)
20 creatures vanquished.

Notes
Turn   | Place    | Note
-------+----------+-------------------------------------------
     0 | D:1      | Gerhazo the Draconian Conjurer began the quest for the Orb.
     0 | D:1      | Reached XP level 1. HP: 14/14 MP: 3/3
   380 | D:1      | Reached XP level 2. HP: 20/20 MP: 3/5
  1018 | D:1      | Learned a level 2 spell: Searing Ray
  1372 | D:2      | Noticed Jessica
  1404 | D:3      | Noticed Ijyb
  1406 | D:3      | Killed from afar by Ijyb

Illustrated notes

Levels and vault maps discovered:
D:1:      minmay_arrival_split_and_join, layout_loops_ring, minmay_statues_item
D:2:      layout_basic, elyvilon_altar_3, uniq_jessica
D:3:      layout_basic, grunt_temple_overflow_open, portal_sewer_entry_e,
          uniq_ijyb

Action                   || total
-------------------------++-------
Melee: Unarmed           ||     1
       Short sword       ||     5
 Cast: Magic Dart        ||    28
       Searing Ray       ||     3
Armor: Skin              ||     5
Dodge: Dodged            ||     8
